 Dungeon Crawl Stone Soup version 0.27.0-1-g7a089689b8 (webtiles) character file.

Game seed: 2702933981602345424

1708 shoop the Agent of Entropy (level 9, 0/62 HPs)
             Began as a Djinni Abyssal Knight on Aug 6, 2021.
             Was a Priest of Lugonu.
             Slain by an unseen horror (4 damage)
             ... on level 7 of the Dungeon.
             The game lasted 00:10:17 (5941 turns).

shoop the Agent of Entropy (Djinni Abyssal Knight)  Turns: 5941, Time: 00:10:18

Health: 0/62       AC:  6    Str: 12    XL:     9   Next: 23%
Gold:   184        EV: 12    Int: 15    God:    Lugonu [***...] SH:  5 Dex: 14

rFire    + + .     SeeInvis .   o - +2 whip (elec)
rCold    x . .     Faith    .   (no shield)
rNeg     . . .     Spirit   .   b - +0 leather armour
rPois    ∞         Reflect  +   (no helmet)
rElec    .         Harm     .   h - +2 cloak
rCorr    .         Rampage  .   (no gloves)
Will     +....                  (boots unavailable)
Stlth    ++........             x - amulet of reflection
HPRegen  0.20/turn              f - ring of willpower
MPRegen  0.00/turn              (no ring)

@: flying
A: sickness immunity, fire resistance 2, cold vulnerability 1, float, innate
caster, hp casting, extra vitality 1
a: Renounce Religion, Depart the Abyss, Bend Space, Banish


You were on level 7 of the Dungeon.
You worshipped Lugonu.
Lugonu was most pleased with you.
You visited 1 branch of the dungeon, and saw 7 of its levels.
You visited the Abyss 1 time.

You collected 335 gold pieces.
You spent 151 gold pieces at shops.

Inventory:

Hand Weapons
 a - a +1 falchion
 o - a +2 whip of electrocution (weapon)
 y - a +0 dire flail of draining
Missiles
 A - 2 silver javelins
Armour
 b - a +0 leather armour (worn)
 h - a +2 cloak (worn)
Jewellery
 f - a ring of willpower (left hand)
 x - an amulet of reflection (around neck)
Wands
 k - a wand of flame (20)
 p - a wand of acid (9)
 v - a wand of digging (6)
Scrolls
 c - 4 scrolls of enchant armour {unknown}
 g - a scroll of acquirement {unknown}
 i - a scroll of holy word
 n - 3 scrolls of blinking {unknown}
 r - 2 scrolls of enchant weapon {unknown}
 s - 2 scrolls of immolation {unknown}
 u - 2 scrolls of amnesia {unknown}
 z - a scroll of magic mapping
 B - 2 scrolls of fear
 C - 2 scrolls of teleportation
Potions
 d - a potion of heal wounds
 e - 4 potions of invisibility {unknown}
 j - a potion of degeneration
 l - 2 potions of might {unknown}
 m - 2 potions of attraction
 q - 2 potions of curing {unknown}
 t - a potion of haste
 w - 2 potions of mutation {unknown}


   Skills:
 - Level 4.1 Fighting
 - Level 3.8 Long Blades
 - Level 4.0 Maces & Flails
 - Level 3.4 Armour
 - Level 3.6 Dodging
 - Level 1.4 Stealth
 - Level 1.0 Shields
 + Level 3.5 Spellcasting
 + Level 4.7 Invocations
 - Level 2.0 Evocations


You had 6 spell levels left.
You knew the following spells:

 Your Spells              Type           Power      Damage    Failure   Level
a - Animate Skeleton      Necr           26%        N/A       5%          1
b - Searing Ray           Conj           26%        3d4       9%          2
c - Passwall              Tmut/Erth      10%        N/A       9%          2
d - Summon Ice Beast      Ice/Summ       13%        N/A       50%         4
Your spell library was empty.

Dungeon Overview and Level Annotations

Branches:
Dungeon (7/15)             Temple (0/1) D:6

Altars:
Kikubaaqudgha
Trog
Xom
Zin

Shops:
D:3 *   D:6 *

Annotations:
D:4 exclusion: necrophage


Innate Abilities, Weirdness & Mutations

You are immune to sickness and miasma.
You are immune to poison.
Your flesh is very heat resistant. (rF++)
You are vulnerable to cold. (rC-)
You float through the air rather than walking.
You learn spells naturally, not from books.
Your magical power is your life essence.
You have superior vitality. (+4 HP)


Message History

Lugonu accepts your kill.
Reactivating autopickup.
You feel a bit more experienced.
A killer bee comes into view.
The killer bee barely misses you.
You miss the killer bee.
The killer bee stings you but does no damage. x2
You miss the killer bee.
The killer bee stings you but does no damage.
The killer bee stings you.
You closely miss the killer bee. The killer bee stings you!
The killer bee stings you.
* * * LOW HITPOINT WARNING * * *
You hit the killer bee.
The killer bee is lightly wounded.
The killer bee stings you but does no damage.
You block the killer bee's attack.
You miss the killer bee.
The killer bee is lightly wounded.
Something hits you.
* * * LOW HITPOINT WARNING * * *
Deactivating autopickup; reactivate with Ctrl-A.
The killer bee closely misses you. Something hits you.
* * * LOW HITPOINT WARNING * * *
You block the killer bee's attack.
You hit the killer bee but do no damage.
Lightning courses through the killer bee!!
You kill the killer bee!
Lugonu accepts your kill. Something hits you.
* * * LOW HITPOINT WARNING * * *
The centaur wields a +0 shortbow.
The centaur shoots an arrow.
The arrow hits you but does no damage.
A killer bee comes into view.
You hear a bark!
Unknown command.
You closely miss something.
The killer bee buzzes angrily.
Something hits you.
You die...

####### #..... .
##...# ##.. #...#
...# #..@##.g#
##..#†c#
#############.y#.###
..............#.##
#############.)......
#.....# ##.######
##.....# ###
...<...### .........#


You could see a centaur and a killer bee.

Vanquished Creatures
  A shadow (D:7)
  A yak (D:7)
  A steam dragon (D:6)
  Edmund (D:5)
  A water moccasin (D:6)
  An ice beast (D:7)
  A black bear (D:6)
  An ogre (D:6)
  A gnoll sergeant (D:5)
  2 scorpions
  A killer bee (D:7)
  2 howler monkeys (D:6)
  3 orc priests
  2 hounds
  A scorpion zombie (D:5)
  2 iguanas (D:5)
  3 orc wizards
  A hound skeleton (D:4)
  3 gnolls
  7 adders
  An adder zombie (D:5)
  A worm (D:2)
  3 dart slugs
  15 orcs
  3 bats
  6 endoplasms
  3 giant cockroaches (D:1)
  5 goblins
  4 hobgoblins
  6 jackals
  5 quokkas
  5 ball pythons
  A frilled lizard (D:1)
  7 kobolds
  5 rats
106 creatures vanquished.

Vanquished Creatures (collateral kills)
  An orc priest (D:6)
1 creature vanquished.

Vanquished Creatures (others)
  A wizard (D:4)
  An ufetubus (D:6)
2 creatures vanquished.

Grand Total: 109 creatures vanquished

Notes
Turn   | Place    | Note
-------+----------+-------------------------------------------
     0 | Abyss:1  | shoop the Djinni Abyssal Knight began the quest for the
                  | Orb.
     0 | Abyss:1  | Reached XP level 1. HP: 20/20 MP: 0/0
    99 | Abyss:2  | Noticed a small abomination
   102 | Abyss:2  | Noticed a starcursed mass
   104 | D:1      | Escaped the Abyss
   239 | D:1      | Reached skill level 1 in Stealth
   239 | D:1      | Reached XP level 2. HP: 25/25 MP: 0/0
   406 | D:1      | Reached * piety under Lugonu
   599 | D:1      | Reached XP level 3. HP: 30/30 MP: 0/0
   599 | D:1      | Learned a level 1 spell: Animate Skeleton
  1114 | D:2      | Found a faded altar of an unknown god.
  1465 | D:2      | Reached XP level 4. HP: 35/35 MP: 0/0
  1522 | D:2      | Reached skill level 1 in Spellcasting
  2163 | D:3      | Reached ** piety under Lugonu
  2232 | D:3      | Found Puthridghi's Assorted Antiques.
  2242 | D:3      | Reached XP level 5. HP: 40/40 MP: 0/0
  2242 | D:3      | Learned a level 2 spell: Searing Ray
  2252 | D:3      | Bought a scroll labelled MAYFOT VIJOY for 27 gold pieces
  2252 | D:3      | Bought a scroll labelled TITIZA BACIBB for 27 gold pieces
  2485 | D:4      | Noticed a necrophage
  2675 | D:4      | Reached skill level 1 in Maces & Flails
  2675 | D:4      | Reached skill level 1 in Evocations
  2792 | D:4      | Reached XP level 6. HP: 44/46 MP: 0/0
  2957 | D:4      | Found a bloodstained altar of Trog.
  2958 | D:4      | Noticed a wizard
  2964 | D:4      | Killed a wizard
  3388 | D:5      | Entered Level 5 of the Dungeon
  3605 | D:5      | Reached XP level 7. HP: 34/50 MP: 0/0
  3605 | D:5      | Learned a level 2 spell: Passwall
  3923 | D:5      | Noticed Edmund
  3927 | D:5      | Killed Edmund
  3955 | D:5      | Found a shimmering altar of Xom.
  3956 | D:5      | Found a shimmering altar of Xom.
  3960 | D:5      | Found a shimmering altar of Xom.
  3964 | D:5      | Found a shimmering altar of Xom.
  4485 | D:5      | Reached XP level 8. HP: 20/56 MP: 0/0
  5030 | D:6      | Reached *** piety under Lugonu
  5066 | D:6      | Found a staircase to the Ecumenical Temple.
  5180 | D:6      | Found Nit Nysu's General Store.
  5203 | D:6      | Bought a scroll of fear for 52 gold pieces
  5203 | D:6      | Bought a scroll of teleportation for 45 gold pieces
  5685 | D:6      | Found a glowing silver altar of Zin.
  5718 | D:6      | Reached skill level 1 in Shields
  5912 | D:7      | Noticed a shadow
  5912 | D:7      | Noticed a yak
  5927 | D:7      | Killed a yak
  5928 | D:7      | Reached XP level 9. HP: 62/62 MP: 0/0
  5928 | D:7      | Learned a level 4 spell: Summon Ice Beast
  5941 | D:7      | Slain by an unseen horror

Illustrated notes

Levels and vault maps discovered:
D:1:      zaba_arrival_water, layout_basic
D:2:      layout_basic, hellmonk_ecumenical_altar_lost_god
D:3:      layout_basic, serial_shops, nicolae_shop_stone,
          chequers_serial_rivers_small_b, minmay_misc_feat_secret_circle,
          minmay_misc_feat_plants
D:4:      layout_layer_cave, trog_wizard
D:5:      layout_loops_ring, xom_redecorated, mainiacjoe_overflow_paths,
          uniq_edmund
D:6:      layout_basic, overflow_temple_1_default, minmay_temple_entry_trees,
          serial_shops, nicolae_shop_window_shopping
D:7:      layout_basic, mainiacjoe_overflow_six_doors_small, minmay_manual_mess,
          uniq_crazy_yiuf_cottage

Skill      XL: |  1  2  3  4  5  6  7  8 |
---------------+-------------------------+-----
Invocations    | 2 4 |  4.7
Stealth        | 1 |  1.4
Long Blades    | 2 3 |  3.8
Spellcasting   | 1 2 3 |  3.5
Maces & Flails | 1 3 4 |  4.0
Evocations     | 1 2 |  2.0
Armour         | 3 |  3.4
Dodging        | 3 |  3.6
Fighting       | 4 |  4.1
Shields        | 1 |  1.0

Action                   |  1- 3 |  4- 6 |  7- 9 || total
-------------------------+-------+-------+-------++-------
Melee: Falchion          |   107 |    22 |       ||   129
       Whip              |       |   103 |   132 ||   235
 Cast: Animate Skeleton  |     2 |     3 |     7 ||    12
Invok: Depart the Abyss  |     1 |       |       ||     1
Evoke: Wand              |       |     1 |     1 ||     2
  Use: Scroll            |       |       |     6 ||     6
 Stab: Sleeping          |     1 |     3 |       ||     4
Armor: Leather armour    |    35 |    33 |    28 ||    96
Dodge: Dodged            |    73 |    75 |    54 ||   202
Block: Other             |       |     5 |    15 ||    20
       Rpst.: Falchion   |    23 |     6 |       ||    29
